 Dungeon Crawl Stone Soup version 0.19.4-9-g45fd643 (webtiles) character file.

1155 Crag the Conjurer (level 8, -1/52 HPs)
             Began as a Mummy Wizard on Feb 19, 2017.
             Was an Initiate of Gozag.
             Slain by Edmund
             ... wielding a +4 dire flail of holy wrath
              (9 damage)
             ... on level 5 of the Dungeon.
             The game lasted 00:45:20 (12095 turns).

Crag the Conjurer (Mummy Wizard)                   Turns: 12095, Time: 00:45:21

Health: -1/52      AC:  7    Str: 10    XL:     8   Next: 16%
Magic:  4/16       EV: 12    Int: 20    God:    Gozag
Gold:   379        SH:  0    Dex: 10    Spells: 3 memorised, 12 levels left

rFire  . . .     SeeInvis .     g - -3 short sword (curse)
rCold  + . .     Gourm    .     m - +2 robe {rF+}
rNeg   + + +     Faith    .     (no shield)
rPois  ∞         Spirit   .     s - +0 helmet
rElec  .         Reflect  .     d - +1 cloak
rCorr  .         Harm     .     (no gloves)
MR     +....                    (no boots)
Stlth  ++........               (no amulet)
                                (no ring)
                                (no ring)

@: very slightly contaminated, drained
A: no food or potions, fire vulnerability, cold resistance 1, negative energy
resistance 3, torment resistance, unbreathing
a: Potion Petition, Call Merchant, Bribe Branch, Renounce Religion


You were on level 5 of the Dungeon.
You worshipped Gozag.
Gozag was aware of your devotion.
You were not hungry.

You visited 1 branch of the dungeon, and saw 5 of its levels.

You collected 453 gold pieces.
You paid 74 gold pieces to Gozag.

Inventory:

Hand Weapons
 f - a +0 dagger
 g - a cursed -3 short sword (weapon)
 j - a cursed -1 dagger
 k - a +0 scythe
 o - a +1 dagger of protection
 p - a +4 falchion
Missiles
 q - 25 bolts
 r - 84 stones (quivered)
Armour
 a - a +0 robe
 b - a +0 hat
 d - a +1 cloak (worn)
 h - a +0 helmet
 m - a +2 robe of fire resistance (worn)
 s - a +0 helmet (worn)
Jewellery
 e - an uncursed amulet of harm
Scrolls
 i - 2 scrolls of enchant armour
 l - 4 scrolls of identify
 n - a scroll of amnesia
Books
 c - a book of Minor Magic

   Spells                             Type                      Level
   a - Magic Dart                     Conjuration                  1
   b - Blink                          Translocation                2
   c - Call Imp                       Summoning                    2
   d - Repel Missiles                 Charms/Air                   2
   e - Slow                           Hexes                        2
   f - Conjure Flame                  Conjuration/Fire             3
   g - Mephitic Cloud                 Conjuration/Poison/Air       3


   Skills:
 - Level 1.5(1.3) Dodging
 - Level 1.5(1.3) Stealth
 + Level 5.8(5.5) Spellcasting
 - Level 6.1(5.8) Conjurations
   Level 0.7(0.5) Summonings
   Level 0.7(0.5) Translocations
 - Level 2.0(1.8) Air Magic
 - Level 1.0(0.8) Poison Magic


You had 12 spell levels left.
You knew the following spells:

 Your Spells              Type           Power        Failure   Level  Hunger
a - Magic Dart            Conj           ####         1%          1    N/A
b - Mephitic Cloud        Conj/Pois/Air  ###.....     12%         3    N/A
c - Repel Missiles        Chrm/Air       #.....       14%         2    N/A

Dungeon Overview and Level Annotations

Branches:
Dungeon (5/15)
 Temple: D:4-7

Altars:
Gozag

Annotations:
D:4 Duvessa; tryingrandom's ghost, amateur DECj
D:5 Edmund; Menkaure


Innate Abilities, Weirdness & Mutations

You do not eat or drink.
Your flesh is vulnerable to fire.
You are immune to poison.
Your flesh is cold resistant. (rC+)
You are immune to negative energy. (rN+++)
You are immune to unholy pain and torment.
You can survive without breathing.


Message History

* * * LOW HITPOINT WARNING * * *
Edmund is engulfed in noxious fumes.
Edmund appears confused.
Unknown command.
You hit Edmund but do no damage.
Edmund is heavily wounded.
The orc hits you but does no damage.
Edmund is engulfed in noxious fumes.
Edmund appears confused.
Edmund closely misses you.
You can't drink.
Casting: Mephitic Cloud
Confirm with . or Enter, or press ? or * to list all spells.
Aiming: Mephitic Cloud
Press: ? - help, Shift-Dir - straight line, f - you The ball explodes into a vile cloud!
The stinking cloud engulfs you!
The stinking cloud engulfs Edmund.
Edmund is heavily wounded.
The stinking cloud engulfs the orc.
The orc closely misses you.
Edmund is engulfed in noxious fumes.
Edmund appears confused.
Edmund hits you with a dire flail of holy wrath!
You die...
Your body crumbles into a pile of gold.

### ### #.#
#.#
#####.#####
#.#
#@@o......#
#.#
#####.###.###
#.#
######........
########.#
#....'...#.###
#........#
#.####...#.#
#......#.# #.#
#.###.#
#......#.# #.#
#.# #.#
#......#.# #.#
#.###.#
#......#.# #.#
#.....#


You could see Edmund (confused) and an orc.

Vanquished Creatures
  Sigmund (D:3)
  Eustachio (D:3)
  An ogre (D:4)
  Blork the orc (D:4)
  Dowan (D:4)
  A howler monkey (D:4)
  A jelly (D:5)
  2 orc priests
  An iguana (D:3)
  Natasha (thrice) (D:2)
  2 orc wizards
  5 worker ants
  A killer bee zombie (D:5)
  A howler monkey skeleton (D:3)
  A gnoll (D:3)
  15 adders
  2 adder skeletons
  A worm (D:3)
  4 dart slugs
  5 leopard geckos
  20 orcs
  11 giant cockroaches
  7 goblins
  6 hobgoblins
  21 jackals
  2 quokkas
  2 ball pythons
  6 bats
  7 frilled lizards
  A jackal skeleton (D:4)
  6 kobolds
  A leopard gecko skeleton (D:4)
  A leopard gecko zombie (D:5)
  A quokka skeleton (D:3)
  11 rats
153 creatures vanquished.

Notes
Turn   | Place    | Note
-------+----------+-------------------------------------------
     0 | D:1      | Crag the Mummy Wizard began the quest for the Orb.
     0 | D:1      | Reached XP level 1. HP: 13/13 MP: 4/4
    36 | D:1      | Reached skill level 1 in Conjurations
   336 | D:1      | Reached XP level 2. HP: 7/19 MP: 1/6
   890 | D:1      | Reached skill level 2 in Conjurations
  1570 | D:1      | Reached XP level 3. HP: 21/24 MP: 2/7
  1621 | D:1      | Learned a level 3 spell: Mephitic Cloud
  1624 | D:1      | Learned a level 2 spell: Repel Missiles
  1735 | D:2      | Reached skill level 1 in Air Magic
  1943 | D:2      | Noticed Natasha
  2080 | D:2      | Killed Natasha
  2080 | D:2      | Reached XP level 4. HP: 30/30 MP: 4/8
  2552 | D:2      | Reached skill level 1 in Poison Magic
  2687 | D:2      | Noticed Natasha
  2797 | D:2      | Killed Natasha
  2797 | D:2      | Reached skill level 3 in Conjurations
  2797 | D:2      | Reached XP level 5. HP: 28/35 MP: 4/9
  3038 | D:2      | Noticed Natasha
  3051 | D:2      | Killed Natasha
  5558 | D:4      | Noticed Duvessa
  5558 | D:4      | Noticed Dowan
  5839 | D:3      | Reached XP level 6. HP: 12/41 MP: 0/12
  7386 | D:4      | Noticed Eustachio
  7389 | D:4      | Noticed Sigmund
  7779 | D:4      | Noticed Blork the orc
  8052 | D:4      | Noticed tryingrandom's ghost (amateur DECj)
  8134 | D:3      | HP: 2/41 [something (3)]
  8136 | D:3      | Killed Sigmund
  8136 | D:3      | Reached skill level 4 in Conjurations
  8497 | D:3      | Killed Eustachio
  8497 | D:3      | Reached skill level 5 in Conjurations
  8497 | D:3      | Reached XP level 7. HP: 22/46 MP: 5/13
  9403 | D:4      | Found an opulent altar of Gozag.
  9449 | D:4      | Became a worshipper of Gozag Ym Sagoz the Greedy
  9711 | D:4      | Killed Blork the orc
  9711 | D:4      | Reached skill level 6 in Conjurations
 10480 | D:5      | Entered Level 5 of the Dungeon
 11106 | D:5      | Reached skill level 5 in Spellcasting
 11108 | D:5      | Reached XP level 8. HP: 31/52 MP: 10/15
 11110 | D:5      | Noticed Menkaure
 11641 | D:4      | Killed Dowan
 12076 | D:5      | Noticed Edmund
 12095 | D:5      | Slain by Edmund

Skill      XL: |  1  2  3  4  5  6  7 |
---------------+----------------------+-----
Conjurations   | 1 2 3 5 6 |  6.1
Air Magic      | 1 2 |  2.0
Poison Magic   | 1 |  1.0
Spellcasting   | 4 5 |  5.8
Dodging        | |  1.5
Stealth        | |  1.5
Summonings     | |  0.7
Translocations | |  0.7

Action                   |  1- 3 |  4- 6 |  7- 9 || total
-------------------------+-------+-------+-------++-------
Melee: Unarmed           |    10 |       |       ||    10
       Whip              |    24 |   113 |       ||   137
       Short sword       |       |   330 |   342 ||   672
Throw: Stone             |       |       |    11 ||    11
 Cast: Magic Dart        |    72 |   111 |    79 ||   262
       Mephitic Cloud    |     4 |    34 |    36 ||    74
Invok: Potion Petition   |       |       |     1 ||     1
  Use: Scroll            |     5 |     3 |     3 ||    11
 Stab: Confused          |       |    10 |    11 ||    21
Armor: Robe              |    18 |   132 |   131 ||   281
Dodge: Dodged            |    32 |   334 |   243 ||   609
